 Dungeon Crawl Stone Soup version 0.29.0-11-gd7f09526c8 (webtiles) character file.

Game seed: 4298507771299449963

12 fingers the Ruffian (level 2, -2/25 HPs)
             Began as a Naga Transmuter on Sept 6, 2022.
             Slain by a jackal (3 damage)
             ... on level 1 of the Dungeon.
             The game lasted 00:01:03 (243 turns).

fingers the Ruffian (Naga Transmuter)                Turns: 243, Time: 00:01:03

Health: -2/25      AC:  1    Str: 12    XL:     2   Next: 33%
Magic:  5/5        EV:  9    Int: 13    God:
Gold:   10         SH:  0    Dex: 11    Spells: 4/5 levels left

rFire   . . .      SeeInvis +     - Unarmed
rCold   . . .      Faith    .   (no shield)
rNeg    . . .      Spirit   .   a - +0 robe
rPois   +          Reflect  .   (no helmet)
rElec   .          Harm     .   (no cloak)
rCorr   .          Rampage  .   (no gloves)
Will    .....                   (no barding)
Stlth   +.........              (no amulet)
HPRegen 0.08/turn               (no ring)
MPRegen 0.09/turn               (no ring)

@: very slow
A: AC +0, large, see invisible, deformed body, poison resistance, slowness 2,
spit poison 1, naga tail 1
a: Spit Poison


You were on level 1 of the Dungeon.
You visited 1 branch of the dungeon, and saw 1 of its levels.

You collected 10 gold pieces.

Inventory:

Armour
 a - a +0 robe (worn)
Potions
 b - a potion of lignification
 c - a potion of haste {unknown}
 d - a potion of curing {unknown}
 e - a potion of mutation {unknown}


   Skills:
 * Level 1.2 Fighting
 + Level 1.6 Dodging
 * Level 3.5 Unarmed Combat
 + Level 2.0 Spellcasting
 + Level 2.1 Transmutations


You had 4 spell levels left.
You knew the following spells:

 Your Spells              Type           Power      Damage    Failure   Level
a - Beastly Appendage     Tmut           12%        N/A       11%         1

Your spell library contained the following spells:

 Spells                   Type           Power      Damage    Failure   Level
 Wereblood                Tmut           6%         N/A       16%         2
 Spider Form              Tmut/Pois      4%         N/A       45%         3
 Ice Form                 Ice/Tmut       4%         N/A       86%         4
 Summon Forest            Summ/Tloc      0%         N/A       100%        5
 Eringya's Noxious Bog    Tmut/Pois      2%         N/A       100%        6
 Summon Hydra             Summ           0%         N/A       100%        7


Dungeon Overview and Level Annotations

Branches:
Dungeon (1/15)

Altars:


Innate Abilities, Weirdness & Mutations

Your serpentine skin is tough. (AC +0)
You have supernaturally acute eyesight. (SInv)
Armour fits poorly on your strangely shaped body.
Your system is resistant to poisons. (rPois)
You cover ground very slowly.
You can spit poison.
You have a snake-like lower body.


Message History

You have got your breath back.
The jackal barks!
The jackal bites you.
You closely miss the jackal. The jackal barely misses you.
The jackal bites you but does no damage.
You hit the jackal.
The jackal is almost dead.
The jackal bites you. x3
You hit the jackal.
You kill the jackal!
The jackal bites you. x2
The jackal misses you. The jackal bites you. The jackal barely misses you.
The jackal bites you.
You hit the jackal.
The jackal is severely wounded.
The jackal bites you.
* * * LOW HITPOINT WARNING * * *
The jackal barely misses you.
You hit the jackal.
You kill the jackal!
The jackal barely misses you.
You barely miss the jackal.
The jackal bites you but does no damage.
The jackal bites you.
* * * LOW HITPOINT WARNING * * *
You barely miss the jackal. The jackal barely misses you.
You closely miss the jackal. The jackal barely misses you.
You hit the jackal.
The jackal is almost dead.
The jackal bites you.
* * * LOW HITPOINT WARNING * * *
The jackal bites you.
* * * LOW HITPOINT WARNING * * *
You barely miss the jackal.
The jackal is almost dead.
The jackal bites you but does no damage.
You closely miss the jackal.
The jackal is almost dead.
The jackal bites you.
You die...

#....##### #.#.##
############.#.# #
...>......##.#)# ##
#######...##.#.# ##.
####...##.#.# ##..
#....†......###...
.######h........####....
.......@........# #....
..##.#####...##.# #....
# #...##.# ###..
#...##.# #.... ######.#
##... #.# #.... #.#
##... .# ##.. ##.


You could see a jackal.

Vanquished Creatures
  A ball python (D:1)
  3 endoplasms (D:1)
  A hobgoblin (D:1)
  2 jackals (D:1)
  A kobold (D:1)
  A bat (D:1)
  A rat (D:1)
10 creatures vanquished.

Notes
Turn   | Place    | Note
-------+----------+-------------------------------------------
     0 | D:1      | fingers the Naga Transmuter began the quest for the Orb.
     0 | D:1      | Reached XP level 1. HP: 18/18 MP: 3/3
   190 | D:1      | Reached XP level 2. HP: 25/25 MP: 5/5
   241 | D:1      | HP: 1/25 [jackal (2)]
   243 | D:1      | Slain by a jackal

Illustrated notes

Levels and vault maps discovered:
D:1:      enne_arrival_octagon_isle, layout_loops_ring

Action                   || total
-------------------------++-------
Melee: Unarmed           ||    19
       Headbutt          ||     1
 Cast: Beastly Appendage ||     1
 Abil: Spit Poison       ||     8
Armor: Robe              ||     3
Dodge: Dodged            ||     9
